 Dungeon Crawl Stone Soup version 0.17-a0-1582-ge6b0260 (console) character file.

595 FIQ the Skirmisher (level 7, -2/60 HPs)
             Began as a Demonspawn Chaos Knight on July 28, 2015.
             Slain by Grinder (5 damage)
             ... on level 5 of the Dungeon.
             The game lasted 00:14:24 (3514 turns).

FIQ the Skirmisher (Demonspawn Chaos Knight)        Turns: 3514, Time: 00:14:25

Health: -2/60      AC: 14    Str: 11    XL:     7   Next: 17%
Magic:  7/7        EV:  6    Int: 13    God:    Xom [.....*]
Gold:   284        SH:  0    Dex: 12    Spells: 0 memorised, 6 levels left

rFire  + + .     SeeInvis +     a - +1 mace (chaos)
rCold  + . .     Clarity  .     b - +0 plate armour
rNeg   . . .     SustAt   .     (no shield)
rPois  +         Gourm    .     i - +2 helmet {SInv}
rElec  +         Spirit   .     q - +0 cloak
rCorr  +         Warding  .     d - +1 pair of gloves
rMut   .         Stasis   .     (no boots)
MR     .....                    (no amulet)
Stlth  ..........               g - ring of poison resistance
                                m - +3 ring of evasion

@: resistant, very slightly contaminated, not resistant to hostile enchantments,
extremely unstealthy
A: molten scales 1, clumsy 1, deformed body, fire resistance 1, nightstalker 1,
robust 1, weak 1, evolution 1, subdued magic 1
a: Renounce Religion


You were on level 5 of the Dungeon.
You worshipped Xom.
You were Xom's teddy bear.
You were not hungry.

You visited 1 branch of the dungeon, and saw 5 of its levels.

You collected 284 gold pieces.

Inventory:

Hand weapons
 a - a +1 mace of chaos (weapon)
Armour
 b - a +0 plate armour (worn)
 d - a +1 pair of gloves (worn)
 i - a +2 helmet of see invisible (worn)
 q - a +0 cloak (worn)
Jewellery
 e - an uncursed ring of see invisible
 g - a ring of poison resistance (right hand)
 m - a +3 ring of evasion (left hand)
Scrolls
 j - a scroll of fear
 k - 2 scrolls of remove curse
 o - a scroll of enchant weapon
 r - a scroll of fog
 t - a scroll of magic mapping
Potions
 u - a potion of curing
 v - 2 potions of cancellation
Comestibles
 c - 5 bread rations
 f - 2 beef jerkies
 l - 3 meat rations
 p - 2 chunks of flesh
 s - a royal jelly


   Skills:
 + Level 4.7 Fighting
 + Level 4.5 Maces & Flails
 + Level 3.8 Armour
 + Level 3.5 Dodging


You had 6 spell levels left.
You didn't know any spells.

Dungeon Overview and Level Annotations

Branches:
Dungeon (5/15)             Temple (0/1) D:4

Altars:
Fedhas
Gozag
Makhleb
Trog
Vehumet
Xom

Annotations:
D:5 Grinder


Innate Abilities, Weirdness & Mutations

You are partially covered in molten scales (AC +1).
Your flesh is heat resistant.
You are slightly more attuned to the shadows.
You are clumsy. (Dex -2)
Armour fits poorly on your strangely shaped body.
You are robust (+10% HP).
You are weak. (Str -2)
You evolve.
Your spells are a little easier to cast, but a little less powerful.


Message History

Xom guffaws.
Grinder hits you.
* * * LOW HITPOINT WARNING * * *
You writhe in agony.
* * * LOW HITPOINT WARNING * * *
Your white imp gestures at Grinder.
The puff of frost hits Grinder.
Grinder resists.
You completely miss Grinder.
Grinder is moderately wounded.
Grinder hits you but does no damage.
Unknown command.
You thump Grinder!
Grinder is heavily wounded.
Grinder gestures at you. Pain shoots through your body!
* * * LOW HITPOINT WARNING * * *
Your white imp hits Grinder but does no damage.
Grinder hits you.
You die...
Xom thinks this is hilarious!

.......#.(# ##.%.##
..........# #.....#
......###.# #.....#
...... #.# #.....#
......###.# #####...(.#
.......##.# #.........#
##.##...#.###.###.....#
#.#....#..# #.....#
...###..b.###.....##
.....###b.bbb.....###
###......@b.......#
#..###.55.......#
#.b........
.....b......
.....######.# ......
...#.#


You could see Grinder and a friendly white imp.

Vanquished Creatures
  A phantom (D:4)
  A porcupine (D:4)
  Blork the orc (D:4)
  A scorpion (D:5)
  Crazy Yiuf (D:3)
  3 orc wizards (D:4)
  3 worker ants (D:4)
  Robin (D:2)
  4 adders
  A shadow imp (D:5)
  7 orcs
  A giant cockroach (D:3)
  20 goblins
  12 hobgoblins
  3 jackals (D:2)
  2 quokkas
  10 bats
  4 giant geckos
  3 giant newts
  7 kobolds
  7 rats
93 creatures vanquished.

Vanquished Creatures (collateral kills)
  An orc wizard (D:4)
  An orc (D:4)
2 creatures vanquished.

Vanquished Creatures (others)
  A hobgoblin (D:4)
1 creature vanquished.

Grand Total: 96 creatures vanquished

Notes
Turn   | Place    | Note
--------------------------------------------------------------
     0 | D:1      | FIQ the Demonspawn Chaos Knight began the quest for the Orb.
     0 | D:1      | Reached XP level 1. HP: 18/18 MP: 1/1
    91 | D:1      | Reached skill level 1 in Dodging
   149 | D:1      | XOM: silly message
   265 | D:1      | Gained mutation: You are slightly more attuned to the shadows. [demonic ancestry]
   265 | D:1      | Reached XP level 2. HP: 20/24 MP: 2/2
   410 | D:1      | XOM: 7-stop teleportation journey
   715 | D:2      | Found an opulent altar of Gozag.
   744 | D:2      | Found a bloodstained altar of Trog.
   757 | D:2      | Reached XP level 3. HP: 26/29 MP: 3/3
   841 | D:2      | XOM: 4-stop teleportation journey
  1052 | D:2      | Noticed Robin
  1052 | D:2      | XOM: enchant monster (good)
  1087 | D:2      | XOM: divination: detect items
  1092 | D:2      | Killed Robin
  1140 | D:2      | Reached XP level 4. HP: 14/35 MP: 4/4
  1283 | D:2      | Your ally Robin died
  1429 | D:2      | Found a shimmering altar of Xom.
  1433 | D:2      | Found a burning altar of Makhleb.
  1499 | D:2      | XOM: give mutations
  1499 | D:2      | Gained mutation: You evolve. [Xom's mischief]
  1499 | D:2      | Gained mutation: You are clumsy. (Dex -2) [Xom's mischief]
  1499 | D:2      | Gained mutation: Your spells are a little easier to cast, but a little less powerful. [Xom's mischief]
  1499 | D:2      | Gained mutation: Armour fits poorly on your strangely shaped body. [Xom's mischief]
  1513 | D:2      | XOM: god gift: scroll of fear
  1656 | D:3      | XOM: divination: magic mapping
  1745 | D:3      | Found a blossoming altar of Fedhas.
  1871 | D:3      | XOM: summons 2 hostile demons
  1897 | D:3      | XOM: mild Hex miscast
  2077 | D:3      | Noticed Crazy Yiuf
  2084 | D:3      | Killed Crazy Yiuf
  2248 | D:3      | XOM: harmless Pois miscast
  2249 | D:3      | Gained mutation: Your flesh is heat resistant. [demonic ancestry]
  2249 | D:3      | Reached XP level 5. HP: 27/42 MP: 5/5
  2366 | D:3      | XOM: give mutations
  2366 | D:3      | Gained mutation: You are robust (+10% HP). [Xom's mischief]
  2366 | D:3      | Gained mutation: You are weak. (Str -2) [Xom's mischief]
  2366 | D:3      | Gained mutation: You occasionally shout uncontrollably at your foes. [Xom's mischief]
  2366 | D:3      | Lost mutation: You occasionally shout uncontrollably at your foes. [Xom's mischief]
  2378 | D:3      | XOM: vitrification
  2658 | D:4      | XOM: mild Conj miscast
  2718 | D:4      | Found a radiant altar of Vehumet.
  2774 | D:4      | XOM: god gift: 30 gold pieces
  2856 | D:4      | Reached skill level 4 in Fighting
  2934 | D:4      | Noticed a phantom
  2952 | D:4      | XOM: noise
  2953 | D:4      | XOM: confusion (+ monsters)
  2955 | D:4      | XOM: summons friendly iron imp
  2967 | D:4      | XOM: summons 2 friendly demons
  2982 | D:4      | Killed a phantom
  2982 | D:4      | Gained mutation: You are partially covered in molten scales (AC +1). [demonic ancestry]
  2982 | D:4      | Reached XP level 6. HP: 27/52 MP: 6/6
  3026 | D:4      | XOM: colour smoke trail
  3077 | D:4      | XOM: medium Necr miscast
  3169 | D:4      | XOM: mild Ice miscast
  3301 | D:4      | Noticed Blork the orc
  3301 | D:4      | XOM: harmless Erth miscast
  3314 | D:4      | XOM: summons friendly shadow imp
  3322 | D:4      | Killed Blork the orc
  3322 | D:4      | Reached XP level 7. HP: 23/60 MP: 7/7
  3338 | D:4      | Found a staircase to the Ecumenical Temple.
  3442 | D:5      | Entered Level 5 of the Dungeon
  3445 | D:5      | XOM: god gift: 36 gold pieces
  3478 | D:5      | Noticed Grinder
  3478 | D:5      | Paralysed by Grinder for 2 turns
  3492 | D:5      | Paralysed by Grinder for 7 turns
  3499 | D:5      | XOM: summons friendly white imp
  3508 | D:5      | Paralysed by Grinder for 4 turns
  3512 | D:5      | XOM: cast spell 'Summon Butterflies'
  3514 | D:5      | HP: 3/60 [Grinder/nerve-wracking pain (10)]
  3514 | D:5      | Slain by Grinder

Vault maps used:
D:1:      minmay_arrival_wavy_path, roderic_hopi_sauvastika,
          hangedman_decor_slide_cut
D:2:      minitemple, bloody_trog, grunt_gozag_breadcrumbs, uniq_robin
D:3:      fedhas_altar_2, first_bread, uniq_crazy_yiuf_cottage
D:4:      kennysheep_big_flooded_room, fiery_altar_vehumet,
          minmay_temple_entry_nine_rooms, uniq_blork_the_orc
D:5:      zin_purify, kennysheep_vampire_church, uniq_grinder

Action                   |  1- 3 |  4- 6 |  7- 9 || total
-------------------------+-------+-------+-------++-------
Melee: Mace              |   141 |   192 |    24 ||   357
  Use: Scroll            |     7 |     3 |     2 ||    12
       Potion            |     2 |     5 |     1 ||     8
 Stab: Sleeping          |     3 |       |       ||     3
       Paralysed         |     1 |     1 |       ||     2
  Eat: Chunk             |     1 |     8 |     1 ||    10
